 Dungeon Crawl Stone Soup version 0.28.0-62-gf88900778d (webtiles) character file.

Game seed: 5423086598810469063

30982 cbfl8 the Severer (level 13, -6/114 HPs)
             Began as a Minotaur Berserker on July 2, 2023.
             Was a High Priest of Trog.
             Mangled by a tengu warrior
             ... wielding a +0 dire flail
              (10 damage)
             ... on level 14 of the Dungeon.
             The game lasted 00:21:05 (21150 turns).

cbfl8 the Severer (Minotaur Berserker)             Turns: 21150, Time: 00:21:06

Health: -6/114     AC: 23    Str: 23    XL:     13   Next: 23%
Magic:  12/12      EV:  9    Int:  4    God:    Trog [*****.]
Gold:   1031       SH: 11    Dex: 19    Spells: 12/12 levels left

rFire   + . .      SeeInvis .   x - +0 war axe (elec)
rCold   . . .      Faith    .   j - +0 kite shield
rNeg    . . .      Spirit   .   w - +5 plate armour of the Dice {Harm Dex+2 Slay+2}
rPois   .          Reflect  .   (helmet restricted)
rElec   .          Harm     +   y - +0 cloak
rCorr   .          Rampage  .   (no gloves)
Will    .....                   g - +0 pair of boots of Winter {Fly Dex+3}
Stlth   ..........              (no amulet)
HPRegen 0.29/turn               k - ring of protection from fire
MPRegen 0.13/turn               (no ring)

@: on berserk cooldown, flying, slowed, very slow
A: horns 2, retaliatory headbutt
a: Renounce Religion, Berserk, Trog's Hand, Brothers in Arms


You were on level 14 of the Dungeon.
You worshipped Trog.
Trog was extremely pleased with you.
You visited 1 branch of the dungeon, and saw 14 of its levels.
You also visited: Bailey.

You collected 1031 gold pieces.

Inventory:

Hand Weapons
 d - a +2 vorpal broad axe
 x - a +0 war axe of electrocution (weapon)
Armour
 g - the +0 pair of boots of Winter (worn) {Fly Dex+3}
   (You found it on level 14 of the Dungeon)

   Dex:       It affects your dexterity (+3).
   Fly:       It grants you flight.
 j - a +0 kite shield (worn)
 w - the +5 plate armour of the Dice (worn) {Harm Dex+2 Slay+2}
   (You found it on level 7 of the Dungeon)

   Dex:       It affects your dexterity (+2).
   Slay:      It affects your accuracy & damage with ranged weapons and melee
   (+2).
   Harm:      It increases damage dealt and taken.
 y - a +0 cloak (worn)
Jewellery
 k - a ring of protection from fire (left hand)
Wands
 b - a wand of flame (11)
 e - a wand of digging (1)
 z - a wand of iceblast (8)
 B - a wand of charming (5) (quivered)
Scrolls
 h - a scroll of holy word {unknown}
 m - 3 scrolls of enchant armour
 o - 2 scrolls of noise
 p - 5 scrolls of teleportation
 v - 2 scrolls of fog
Potions
 f - 7 potions of curing
 l - a potion of might {unknown}
 q - 3 potions of resistance
 s - 2 potions of mutation
 u - 3 potions of flight
 A - a potion of invisibility {unknown}
Miscellaneous
 r - a tin of tremorstones (2/2)


   Skills:
 + Level 10.3 Fighting
 - Level 4.4 Long Blades
 * Level 16.9 Axes
 + Level 11.2 Armour
 + Level 6.0 Dodging
 + Level 3.0 Stealth
 + Level 7.0 Shields
 * Level 8.6 Evocations


You had 12 spell levels left.
You didn't know any spells.
Your spell library was empty.

Dungeon Overview and Level Annotations

Branches:
Dungeon (14/15)            Temple (0/1) D:7            Lair (0/6) D:8
    Orc (0/2) D:9          Vaults (0/5) D:14         Bailey (visited)

Altars:
Elyvilon
Gozag
Sif Muna
Uskayaw
Xom
Beogh

Shops:
D:10 (   D:13 :

Portals:
Trove: D:14 (lose all piety)
Ice
Cave: D:14

Annotations:
D:14 Nessos


Innate Abilities, Weirdness & Mutations

You have a pair of horns on your head.
You reflexively headbutt those who attack you in melee.


Message History

The tengu warrior closely misses you. You block the cyclops's attack.
You slice the freezing wraith!! You headbutt the freezing wraith!
You destroy the freezing wraith!
Trog accepts your kill.
You slash the cyclops! You slice the human!!
You kill the human!
Trog accepts your kill.
You hit the tengu warrior but do no damage.
You feel sick.
You are no longer poisoned.
You block the tengu warrior's attack. The tengu warrior barely misses you.
The tengu warrior claws you but does no damage.
You feel a strong urge to attack something.
You feel your anger nearly subside.
You are no longer berserk.
You are exhausted.
You feel as though you will be slow longer.
Nessos mumbles some strange words.
Nessos blinks!
Nessos unwields a +1 longbow of flaming.
It stops flaming.
Nessos completely misses you. Nessos closely misses you.
Nessos casts a spell.
Nessos blinks!
The tengu warrior barely misses you.
The tengu warrior pecks you but does no damage.
The tengu warrior claws you but does no damage.
Nessos wields a +1 longbow of flaming.
It bursts into flame!
Nessos shoots an arrow.
The arrow hits you!
* * * LOW HITPOINT WARNING * * *
The arrow burns you.
* * * LOW HITPOINT WARNING * * *
There is a frozen archway here.
Nessos unwields a +1 longbow of flaming.
It stops flaming.
Nessos hits you but does no damage. Nessos kicks you but does no damage.
You block Nessos's attack. x2
You block the tengu warrior's attack.
The tengu warrior pecks you but does no damage.
You block the tengu warrior's attack. Nessos hits you.
* * * LOW HITPOINT WARNING * * *
Nessos kicks you but does no damage.
The tengu warrior hits you with a +0 dire flail!
You die...

***
*,*#...ppp....#*,#.....#..
**,*#.....o.......#........
*,,........./..#..#.....#..
*,,#.......................
*,,####.#####..#..#.....#†#
*,,***#.,####.##..#.....#†#
*,,,,,,,,,..c......##.#.#[#
*,*****,,###.......##.#.#)#
*,* *,,##@##......##.#†#[#
*,* *,##.Qc##.....##.#.#..
*,****,#.....#...#......###
*,,,,,,#..C..#........###
*****,,###.###.########
*,,* #C# #.# #§.###p###.#
#..C..(..p.# #.....######


You could see Nessos (fast), a tengu warrior, 2 cyclopes and a human.

Vanquished Creatures
  A rakshasa (D:13)
  2 two-headed ogres
  Urug (D:10)
  Pikel (D:7)
  A harpy (shapeshifter) (D:14)
  2 deep elf pyromancers (D:13)
  4 cyclopes
  An ugly thing (D:9)
  4 manticores
  2 centaur zombies
  Maurice (D:11)
  2 gargoyles
  Maggie (D:7)
  Psyche (D:12)
  An efreet (D:13)
  A kobold demonologist (D:11)
  2 freezing wraiths (D:14)
  3 trolls
  Prince Ribbit (D:6)
  9 slime creatures
  8 yaks
  3 shadows
  2 wraiths
  8 humans (D:14)
  3 vampires
  5 vampire mosquitoes
  Menkaure (D:6)
  2 acid dragons
  5 water moccasins
  2 sky beasts (D:6)
  An ice beast (D:5)
  2 black bears (D:6)
  21 orc warriors
  A necrophage (D:5)
  19 centaurs
  6 ogres
  4 wolves (D:8)
  3 phantoms
  A kobold brigand (D:11)
  5 bullfrogs
  4 gnoll sergeants
  2 scorpions
  A wyvern skeleton (D:4)
  2 water moccasin skeletons
  6 killer bees
  2 troll zombies (D:9)
  2 howler monkeys (D:10)
  2 electric eels (D:8)
  A jelly (D:6)
  A bullfrog skeleton (D:5)
  A gnoll shaman (D:6)
  6 hounds
  7 orc priests
  4 iguanas
  8 orc wizards
  A killer bee zombie (D:5)
  6 ogre zombies (D:9)
  A hound zombie (D:5)
  A hound skeleton (D:5)
  A howler monkey skeleton (D:5)
  9 adders
  19 gnolls
  A shadow imp (D:6)
  A white imp (D:7)
  An ufetubus (D:6)
  An adder skeleton (D:4)
  2 dart slugs (D:1)
  65 orcs
  9 endoplasms
  A giant cockroach (D:1)
  5 goblins
  11 hobgoblins
  7 jackals
  3 quokkas
  6 ball pythons
  3 bats
  10 frilled lizards
  A goblin skeleton (D:9)
  2 goblin zombies (D:9)
  3 hobgoblin skeletons (D:9)
  16 kobolds
  2 orc skeletons (D:9)
  17 orc zombies (D:9)
  6 rats
403 creatures vanquished.

Vanquished Creatures (others)
  An orc wizard (D:4)
  24 plants
25 creatures vanquished.

Grand Total: 428 creatures vanquished

Notes
Turn   | Place    | Note
-------+----------+-------------------------------------------
     0 | D:1      | cbfl8 the Minotaur Berserker began the quest for the Orb.
     0 | D:1      | Reached XP level 1. HP: 19/19 MP: 0/0
   118 | D:1      | Reached XP level 2. HP: 16/27 MP: 1/1
   476 | D:1      | Found a faded altar of an unknown god.
   676 | D:1      | Reached XP level 3. HP: 33/33 MP: 2/2
  1492 | D:2      | Reached ** piety under Trog
  1497 | D:2      | Reached skill level 1 in Axes
  2025 | D:3      | Reached skill level 1 in Evocations
  2025 | D:3      | Reached XP level 4. HP: 41/41 MP: 3/3
  2758 | D:4      | Noticed a phantom
  2759 | D:4      | Noticed a phantom
  2767 | D:4      | Killed a phantom
  2768 | D:4      | Reached skill level 2 in Axes
  2768 | D:4      | Reached XP level 5. HP: 47/47 MP: 4/4
  2771 | D:4      | Killed a phantom
  2858 | D:4      | Reached XP level 6. HP: 45/55 MP: 5/5
  2932 | D:4      | Identified the +3 dagger of Ughe {pain, Fly}
  3574 | D:4      | Reached skill level 3 in Axes
  3583 | D:4      | Reached skill level 1 in Shields
  3603 | D:4      | Reached skill level 5 in Fighting
  4316 | D:5      | Entered Level 5 of the Dungeon
  4487 | D:5      | Reached skill level 4 in Axes
  4487 | D:5      | Reached skill level 1 in Stealth
  4487 | D:5      | Reached XP level 7. HP: 42/61 MP: 6/6
  5313 | D:5      | Reached skill level 5 in Axes
  5510 | D:5      | Reached skill level 5 in Armour
  5666 | D:6      | Noticed Prince Ribbit
  5676 | D:6      | Reached XP level 8. HP: 69/69 MP: 7/7
  5677 | D:6      | Reached skill level 6 in Axes
  5688 | D:6      | Killed Prince Ribbit
  5878 | D:6      | Reached skill level 7 in Axes
  6045 | D:6      | Noticed Menkaure
  6058 | D:6      | Killed Menkaure
  6122 | D:6      | Found a shimmering blue altar of Sif Muna.
  6122 | D:6      | Found a shimmering altar of Xom.
  6122 | D:6      | Found a white marble altar of Elyvilon.
  6123 | D:6      | Found a hide-covered altar of Uskayaw.
  6135 | D:6      | Reached skill level 8 in Axes
  6166 | D:6      | Reached *** piety under Trog
  6463 | D:6      | Reached XP level 9. HP: 76/78 MP: 8/8
  7144 | D:6      | Reached skill level 9 in Axes
  8220 | D:7      | Found a staircase to the Ecumenical Temple.
  8220 | D:7      | Noticed Maggie
  8228 | D:7      | Killed Maggie
  8783 | D:7      | Noticed Pikel
  8793 | D:7      | Killed Pikel
  8794 | D:7      | Reached skill level 10 in Axes
  9126 | D:7      | Identified the +5 plate armour of the Dice {Harm Dex+2
                  | Slay+2}
  9264 | D:8      | Reached XP level 10. HP: 76/86 MP: 9/9
  9318 | D:8      | Found a flagged portal.
  9324 | D:8      | Reached skill level 5 in Evocations
  9333 | Bailey   | Entered a bailey
  9502 | Bailey   | Reached **** piety under Trog
  9817 | Bailey   | Reached skill level 11 in Axes
 10470 | Bailey   | Reached skill level 5 in Dodging
 12263 | Bailey   | Identified the +7 triple sword of the Bruised Eyes {venom,
                  | Will+}
 12307 | Bailey   | Reached skill level 12 in Axes
 12307 | Bailey   | Reached skill level 5 in Shields
 12307 | Bailey   | Reached XP level 11. HP: 76/95 MP: 10/10
 12868 | D:8      | Reached skill level 13 in Axes
 13391 | D:8      | Found a staircase to the Lair.
 14419 | D:9      | Noticed a white ugly thing
 14429 | D:9      | Killed a white ugly thing
 14562 | D:9      | Found a staircase to the Orcish Mines.
 14577 | D:9      | Reached ***** piety under Trog
 14657 | D:9      | Reached skill level 14 in Axes
 15717 | D:10     | Entered Level 10 of the Dungeon
 15788 | D:10     | Noticed Urug
 15799 | D:10     | Killed Urug
 15800 | D:10     | Reached XP level 12. HP: 104/104 MP: 11/11
 16079 | D:10     | Found Tikh's Antique Weapon Shop.
 16736 | D:11     | Found an opulent altar of Gozag.
 16797 | D:11     | Noticed Maurice
 16802 | D:11     | Paralysed by Maurice for 2 turns
 16807 | D:11     | Paralysed by Maurice for 7 turns
 16819 | D:11     | Killed Maurice
 16820 | D:11     | Reached skill level 15 in Axes
 17170 | D:11     | Received a gift from Trog
 18349 | D:12     | Noticed a two-headed ogre
 18355 | D:12     | Killed a two-headed ogre
 18713 | D:12     | Reached skill level 10 in Armour
 18844 | D:12     | Reached skill level 16 in Axes
 19232 | D:12     | Noticed Psyche
 19237 | D:12     | Killed Psyche
 19541 | D:13     | Noticed a rakshasa
 19549 | D:13     | Killed a rakshasa
 19604 | D:13     | Reached skill level 10 in Fighting
 20082 | D:13     | Reached XP level 13. HP: 112/113 MP: 12/12
 20281 | D:13     | Found Sioffus's Book Shop.
 20833 | D:14     | Noticed Nessos
 20833 | D:14     | Found a gate to the Vaults.
 20837 | D:13     | Received a gift from Trog
 20927 | D:14     | Identified the +0 pair of boots of Winter {Fly Dex+3}
 20947 | D:14     | Found a portal to a secret trove of treasure.
 21131 | D:14     | Found a frozen archway.
 21136 | D:14     | HP: 3/114 [freezing wraith (8)]
 21150 | D:14     | HP: 4/114 [Nessos (3)]
 21150 | D:14     | Mangled by a tengu warrior

Illustrated notes

Levels and vault maps discovered:
D:1:      sevenhm_arrival_forest_fort_small_4, layout_basic,
          shapermc_ecumenical_altar_starsandcircs, minmay_unequal
D:2:      layout_basic
D:3:      layout_loops_cross, serial_bayou_pond_c, lexackson_kobold_supper
D:4:      layout_basic, minmay_liquid_box, minmay_misc_feat_more_columns,
          columned_hall_lemuel, serial_bayou_pond_a
D:5:      layout_gridville
D:6:      layout_rooms, grunt_temple_overflow_open, minmay_lizard_king,
          uniq_prince_ribbit1, uniq_menkaure
D:7:      layout_loops_ring, minmay_temple_entry_waves,
          minmay_misc_feat_four_crosses, uniq_maggie, uniq_pikel
D:8:      layout_loops_cross, erik_lair_island, enter_bailey_4,
          serial_bayou_crossing
D:9:      layout_basic, zombieorc2_lemuel
D:10:     layout_small_grid, serial_shops, nicolae_shop_advertising_works
          [nicolae_subvault_shop_adworks], uniq_urug
D:11:     layout_basic, special_room [special_room_orc], grunt_gozag_statues,
          uniq_maurice
D:12:     layout_roguey, uniq_psyche
D:13:     layout_layer_cave, serial_shops, shop
D:14:     layout_loops_ring, david_vaults_3, minmay_misc_feat_tiny,
          enter_trove_2, portal_ice_cave_entry_frozen_things, vehumet_statue

Skill      XL: |  1  2  3  4  5  6  7  8  9 10 11 12 13 |
---------------+----------------------------------------+-----
Long Blades    | 4 |  4.4
Fighting       | 4 5 6 7 8 9 10 | 10.3
Axes           | 1 2 4 5 8 10 12 14 16 | 16.9
Evocations     | 1 2 4 6 7 8 |  8.6
Armour         | 3 4 5 6 7 9 10 11 | 11.2
Dodging        | 3 4 6 |  6.0
Shields        | 1 2 5 6 7 |  7.0
Stealth        | 1 3 |  3.0

Action                   |  1- 3 |  4- 6 |  7- 9 | 10-12 | 13-15 || total
-------------------------+-------+-------+-------+-------+-------++-------
Melee: Falchion          |    74 |    86 |       |       |       ||   160
       Headbutt          |     6 |    22 |    43 |    95 |    16 ||   182
       Hand axe          |       |    58 |   156 |       |       ||   214
       War axe           |       |       |    62 |   474 |    60 ||   596
Invok: Berserk           |     1 |     3 |     5 |     6 |     2 ||    17
       Trog's Hand       |       |       |     1 |     1 |     2 ||     4
Evoke: Wand              |       |       |       |     7 |     1 ||     8
  Use: Scroll            |     4 |     2 |     9 |    12 |     6 ||    33
       Potion            |       |       |       |     3 |     7 ||    10
Armor: Animal skin       |     2 |       |       |       |       ||     2
       Ring mail         |    24 |    51 |    21 |       |       ||    96
       Chain mail        |       |       |    76 |       |       ||    76
       Plate armour      |       |       |     4 |   337 |    48 ||   389
Dodge: Dodged            |    49 |    76 |    82 |   233 |    29 ||   469
Block: Buckler           |     6 |    21 |    34 |    80 |       ||   141
       Kite shield       |       |       |       |   106 |    48 ||   154
